 Dungeon Crawl Stone Soup version 0.31-a0-1612-g4aaf141004 (webtiles) character file.

Game seed: 4638657725007611945

16648 Bnni the Geomancer (level 11, -11/92 HPs)
             Began as a Demigod Earth Elementalist on Jan 9, 2024.
             Hit by a large rock thrown by a cyclops (43 damage)
             ... on level 13 of the Dungeon.
             The game lasted 00:42:22 (12330 turns).

Bnni the Geomancer (Demigod Earth Elementalist)    Turns: 12330, Time: 00:42:23

Health: -11/92     AC: 12    Str: 13    XL:     11   Next: 82%
Magic:  19/25      EV: 11    Int: 25    God:
Gold:   676        SH:  0    Dex: 14    Spells: 7/24 levels left

rFire   . . .        K - +0 dagger (venom)
rCold   . . .        l - orb {*Rage}
rNeg    + . .        F - +1 ring mail {rPois}
rPois   +            o - +0 helmet
rElec   .            E - +0 cloak
rCorr   .            (no gloves)
SInv    .            s - +0 pair of boots
Will    +....        (no amulet)
Stlth   +            q - ring of flight
HPRegen 0.35/turn    M - ring of positive energy
MPRegen 0.19/turn

%: random rage (20%)
@: flying
A: high MP 1, forlorn, divine attributes
a: no special abilities


You were on level 13 of the Dungeon.
You visited 1 branch of the dungeon, and saw 12 of its levels.
You also visited: Bailey.

You collected 676 gold pieces.

Inventory:

Hand Weapons
 G - a +1 vampiric dagger
 K - a +0 dagger of venom (weapon)
Missiles
 x - 4 poisoned darts
Armour
 c - a +0 chain mail
 j - a +0 plate armour
 l - an orb of wrath (worn)
 o - a +0 helmet (worn)
 s - a +0 pair of boots (worn)
 E - a +0 cloak (worn)
 F - a +1 ring mail of poison resistance (worn)
 O - a +2 robe of fire resistance
Jewellery
 m - a ring of ice
 n - a ring of poison resistance
 q - a ring of flight (left hand)
 w - a ring of ice
 J - a +6 ring of dexterity
 M - a ring of positive energy (right hand)
Wands
 a - a wand of roots (18)
 A - a wand of flame (47)
 C - a wand of quicksilver (11)
 D - a wand of charming (10)
Scrolls
 d - 3 scrolls of enchant armour
 e - a scroll of amnesia
 g - a scroll of vulnerability
 i - 2 scrolls of revelation {unknown}
 p - 2 scrolls of teleportation
 v - a scroll of fear
 y - 2 scrolls of summoning {unknown}
 B - 2 scrolls of immolation {unknown}
Potions
 b - 2 potions of magic
 f - 5 potions of brilliance {unknown}
 h - 5 potions of heal wounds
 k - 4 potions of cancellation
 r - 3 potions of resistance {unknown}
 t - 3 potions of haste
 u - 5 potions of curing
 z - 2 potions of mutation {unknown}
 H - a potion of might {unknown}
 L - 6 potions of ambrosia
 Q - a potion of berserk rage {unknown}
Miscellaneous
 I - a condenser vane


   Skills:
 + Level 7.3 Fighting
 + Level 10.5 Armour
 - Level 1.7 Dodging
 - Level 1.7 Stealth
 + Level 7.0 Spellcasting
 - Level 3.0 Conjurations
 - Level 2.0 Translocations
 * Level 10.9 Earth Magic


You had 7 spell levels left.
You knew the following spells:

 Your Spells              Type           Power      Damage    Failure   Level
a - Sandblast             Erth           100%       2d20      1%          1
b - Blink                 Tloc           36%        N/A       8%          2
c - Stone Arrow           Conj/Erth      86%        3d12      1%          3
d - Brom's Barrelling Bo  Conj/Erth      43%        2d6       7%          4
p - Petrify               Alch/Erth      36%        N/A       12%         4
w - Passwall              Erth           59%        N/A       1%          3

Your spell library contained the following spells:

 Spells                   Type           Power      Damage    Failure   Level
 Kiss of Death            Conj/Necr      64%        2d10      6%          1
 Momentum Strike          Conj/Tloc      42%        3d9       6%          2
 Lesser Beckoning         Tloc           36%        N/A       8%          2
 Leda's Liquefaction      Alch/Erth      18%        N/A       12%         4
 Gell's Gravitas          Tloc           18%        N/A       16%         3
 Teleport Other           Tloc           18%        N/A       16%         3
 Cigotuvi's Dreadful Rot  Necr/Alch/Air  16%        N/A       19%         2
 Ensorcelled Hibernation  Hex/Ice        16%        N/A       19%         2
 Mercury Vapours          Alch/Air       16%        N/A       19%         2
 Mephitic Cloud           Conj/Alch/Air  13%        N/A       24%         3
 Frozen Ramparts          Ice            16%        1d3       34%         3
 Fugue of the Fallen      Necr           8%         N/A       34%         3
 Anguish                  Hex/Necr       4%         N/A       75%         4
 Martyr's Knell           Necr/Summ      8%         N/A       75%         4
 Freezing Cloud           Conj/Ice/Air   6%         6-21      91%         5
 Metabolic Englaciation   Hex/Ice        4%         N/A       97%         5
 Dispersal                Tloc           9%         N/A       100%        6


Dungeon Overview and Level Annotations

Branches:
Dungeon (11/15)            Temple (0/1) D:6            Lair (0/5) D:9
    Orc (0/2) D:9          Bailey (visited)

Shops:
D:4 (

Annotations:
D:9 2 transporters


Innate Abilities, Weirdness & Mutations

You have an increased reservoir of magic. (+10% MP)
You shall have no god before yourself.
Your divine heritage dramatically boosts your attributes as you level up.


Message History

Press: ? - help, Q - select action, (/) - cycle Shift-Dir - straight line, f/p - manticore
Aim: a manticore (lightly wounded, 91% to hit)
The blast of sand hits the manticore but does no damage.
The manticore is lightly wounded.
An acid dragon comes into view.
As you read the scroll of teleportation, it crumbles to dust.
You feel strangely unstable.
The acid dragon roars!
The manticore bites you!! The manticore closely misses you.
The manticore claws you but does no damage.
Aiming: Sandblast (safe; 1% risk of failure)
Press: ? - help, Q - select action, (/) - cycle Shift-Dir - straight line, f/p - manticore
Aim: a manticore (lightly wounded, 91% to hit)
The blast of sand hits the manticore!!
The manticore is heavily wounded.
The manticore closely misses you. x2; The manticore claws you.
Aiming: Sandblast (safe; 1% risk of failure)
Press: ? - help, Q - select action, (/) - cycle Shift-Dir - straight line, f/p - manticore
Aim: a manticore (heavily wounded, 91% to hit)
The blast of sand hits the manticore.
The manticore is heavily wounded.
The manticore bites you! The manticore closely misses you.
The manticore barely misses you. x2; The manticore claws you.
The manticore closely misses you.
Unknown command.
Aiming: Sandblast (safe; 1% risk of failure)
Press: ? - help, Q - select action, (/) - cycle Shift-Dir - straight line, f/p - manticore
Aim: a manticore (heavily wounded, 91% to hit)
The blast of sand hits the manticore!
The manticore is almost dead.
You carefully extract the barbed spikes from your body.
Your surroundings suddenly seem different.
A wraith comes into view.
Found an escape hatch in the ceiling.
A cyclops comes into view.
The cyclops shouts!
The cyclops throws a large rock.
The large rock hits you!!
Found a stone staircase leading down.
The cyclops throws a large rock.
The large rock hits you!!!
You die...

..........
...............###......
.......... ............>
HC.......###......C.....
W.$.$.$...#............
.....................# ..
###.................###...
#.................#....
#...........@.........
#....................
#...................
#..................
.........W.......
#................
##...............
##.............#
##...........##


You could see a cyclops and a wraith.

Vanquished Creatures
  3 two-headed ogres
  An ugly thing (D:10)
  An elephant (D:9)
  A komodo dragon (D:9)
  A gargoyle (D:13)
  A queen bee (D:10)
  A hornet (D:9)
  Prince Ribbit (D:8)
  6 slime creatures (D:10)
  A shadow (D:9)
  A wyvern (D:7)
  2 wraiths
  9 yaks
  The ghost of Jannitor the Slasher, an amateur DrRe (D:4)
  Eustachio (D:5)
  Grum (D:10)
  A steam dragon (D:8)
  An acid dragon (D:10)
  3 ice beasts
  A sky beast (D:6)
  6 orc warriors
  2 black bears
  2 wolves (D:10)
  An ogre (D:4)
  3 centaurs
  6 bullfrogs
  A gnoll sergeant (D:9)
  2 scorpions
  9 wights
  27 killer bees (D:10)
  A howler monkey (D:6)
  A bombardier beetle (D:4)
  2 jellies
  Crazy Yiuf (D:6)
  4 hounds
  2 gnoll boudas
  4 orc priests
  A sleepcap (D:5)
  4 iguanas
  6 orc wizards
  Robin (D:2)
  21 gnolls
  6 adders
  5 white imps
  2 ufetubi (D:7)
  3 ribbon worms (D:2)
  A dart slug (D:4)
  25 orcs
  17 bats
  7 endoplasms
  2 giant cockroaches
  28 goblins
  10 hobgoblins
  5 quokkas
  4 ball pythons
  A frilled lizard (D:1)
  4 kobolds
  6 rats
271 creatures vanquished.

Vanquished Creatures (collateral kills)
  An orc knight (Bailey)
  3 orc warriors (Bailey)
  3 gnolls (Bailey)
  A white imp (D:6)
  4 orcs (Bailey)
  2 hobgoblins (Bailey)
  3 goblins (Bailey)
  10 boulders
27 creatures vanquished.

Vanquished Creatures (others)
  2 orc warriors (Bailey)
  5 boulders
7 creatures vanquished.

Grand Total: 305 creatures vanquished

Notes
Turn   | Place    | Note
-------+----------+-------------------------------------------
     0 | D:1      | Bnni the Demigod Earth Elementalist began the quest for the
                  | Orb.
     0 | D:1      | Reached XP level 1. HP: 14/14 MP: 5/5
    13 | D:1      | Reached skill level 1 in Conjurations
   302 | D:1      | Reached XP level 2. HP: 22/22 MP: 4/7
  1399 | D:2      | Reached XP level 3. HP: 27/27 MP: 6/8
  1680 | D:2      | Noticed Robin
  1685 | D:2      | Killed Robin
  1686 | D:2      | Reached skill level 1 in Fighting
  1946 | D:2      | Learned a level 3 spell: Passwall
  2098 | D:3      | Reached XP level 4. HP: 33/35 MP: 0/9
  2363 | D:3      | Reached XP level 5. HP: 40/40 MP: 6/11
  2724 | D:3      | Learned a level 3 spell: Stone Arrow
  3150 | D:4      | Found Dankam's Antique Weapon Shoppe.
  3482 | D:4      | Found a runed translucent door.
  3482 | D:4      | Noticed Jannitor's ghost (amateur DrRe)
  3516 | D:4      | Reached XP level 6. HP: 36/48 MP: 7/13
  3594 | D:4      | Learned a level 2 spell: Blink
  4066 | D:4      | Killed Jannitor's ghost
  4067 | D:4      | Reached skill level 1 in Translocations
  4067 | D:4      | Reached skill level 5 in Earth Magic
  4067 | D:4      | Reached XP level 7. HP: 37/56 MP: 9/15
  4194 | D:5      | Entered Level 5 of the Dungeon
  5379 | D:6      | Noticed Eustachio
  5454 | D:5      | Killed Eustachio
  5543 | D:6      | Found a staircase to the Ecumenical Temple.
  5554 | D:6      | Reached XP level 8. HP: 66/66 MP: 14/17
  5832 | D:6      | Learned a level 4 spell: Brom's Barrelling Boulder
  6272 | D:6      | Found a runed translucent door.
  6273 | D:6      | Noticed Crazy Yiuf
  6278 | D:6      | Killed Crazy Yiuf
  6741 | D:7      | Reached skill level 1 in Armour
  6975 | D:7      | Reached skill level 5 in Fighting
  7206 | D:7      | Reached skill level 5 in Spellcasting
  7213 | D:7      | Reached XP level 9. HP: 66/74 MP: 11/20
  7312 | D:7      | Identified the +1 arbalest of Dust {heavy, rPois MP+9
                  | Str-5}
  7489 | D:8      | Noticed Prince Ribbit
  7536 | D:8      | Killed Prince Ribbit
  7747 | D:8      | Found a flagged portal.
  7752 | Bailey   | Entered a bailey
  7774 | Bailey   | Learned a level 4 spell: Petrify
  8042 | Bailey   | Noticed an orc knight
  8066 | Bailey   | Killed an orc knight
  8141 | Bailey   | Noticed an orc warlord
  8196 | Bailey   | Reached XP level 10. HP: 21/83 MP: 20/22
  8975 | D:8      | Noticed a two-headed ogre
  8989 | D:8      | Killed a two-headed ogre
  8990 | D:8      | Reached XP level 11. HP: 89/89 MP: 15/24
  9427 | D:9      | Found a staircase to the Lair.
  9556 | D:9      | Reached skill level 10 in Armour
  9666 | D:9      | Found a transporter.
  9672 | D:9      | Noticed a death knight
  9693 | D:9      | Noticed a death knight
  9696 | D:9      | Found a transporter.
  9805 | D:9      | Reached skill level 10 in Earth Magic
  9865 | D:9      | Got Yckoz's Encyclopedia of Voltage and Diablerie
 10135 | D:9      | Found a staircase to the Orcish Mines.
 10274 | D:10     | Entered Level 10 of the Dungeon
 10279 | D:10     | Noticed Grum
 10288 | D:10     | Killed Grum
 10777 | D:10     | Noticed a two-headed ogre
 10808 | D:10     | Killed a two-headed ogre
 11032 | D:10     | Noticed a two-headed ogre
 11831 | D:10     | Noticed a two-headed ogre
 11854 | D:10     | Killed a two-headed ogre
 12240 | D:11     | You are sucked into a shaft and drop 2 floors!
 12330 | D:13     | Hit by a large rock thrown by a cyclops

Illustrated notes

Levels and vault maps discovered:
D:1:      psy_arrival_dodecagon, layout_loops_ring,
          shapermc_ecumenical_altar_mp_vishouse
D:2:      layout_loops_corners, uniq_robin
D:3:      layout_rooms, marbit_many_paths, kennysheep_path_1
D:4:      layout_loops_ring, nicolae_overflow_crystal_walls,
          makhleb_heckhound_becter, serial_shops, shop,
          hellmonk_ghost_happy_afterlife
D:5:      layout_layer_cave, chequers_temple_overflow_statue_of_worship,
          chequers_serial_rivers_small_3
D:6:      layout_rooms, minmay_temple_entry_gardened_gates, uniq_eustachio,
          uniq_crazy_yiuf_cottage
D:7:      layout_rooms, grunt_temple_overflow_gold_and_silver, roderic_batcave
D:8:      layout_cave_pools, enter_bailey_3, minmay_holes, uniq_prince_ribbit1
D:9:      layout_roguey, gammafunk_temple_of_torment,
          grunt_lair_entry_orc_guard_hut, orc_0_dummy
D:10:     layout_basic, nicolae_uskayaw_murder_on_the_dancefloor, special_room
          [special_room_bee], minmay_misc_feat_rows, uniq_grum
D:11:     minmay_gate_of_8, layout_basic, nicolae_trove_entry_crossroad,
          portal_ice_cave_entry_imps, bh_hangedman_babel_library, uniq_gastronok
D:13:     layout_big_octagon, drop_trap, grunt_gozag_breadcrumbs

Skill      XL: |  1  2  3  4  5  6  7  8  9 10 11 |
---------------+----------------------------------+-----
Conjurations   | 1 2 3 |  3.0
Earth Magic    | 3 4 5 6 8 9 10 | 10.9
Spellcasting   | 2 3 4 5 6 7 |  7.0
Fighting       | 1 2 3 5 6 7 |  7.3
Translocations | 1 2 |  2.0
Armour         | 1 9 10 | 10.5
Dodging        | |  1.7
Stealth        | |  1.7

Action                     |  1- 3 |  4- 6 |  7- 9 | 10-12 || total
---------------------------+-------+-------+-------+-------++-------
  Melee: Unarmed           |     4 |       |       |       ||     4
         Hand axe          |     2 |       |       |       ||     2
         Whip              |    14 |       |       |       ||    14
         Club              |       |     1 |    43 |       ||    44
         Dagger            |       |       |       |    92 ||    92
  Throw: Dart              |       |     2 |     2 |     5 ||     9
         Throwing net      |       |       |       |     1 ||     1
   Cast: Sandblast         |    78 |    80 |   149 |   167 ||   474
         Brom's Barrelling |       |       |     5 |    13 ||    18
         Stone Arrow       |       |       |     7 |     3 ||    10
         Blink             |       |       |     2 |     5 ||     7
         Petrify           |       |       |     1 |    13 ||    14
         Passwall          |       |       |       |     6 ||     6
  Evoke: Wand              |       |       |     8 |     1 ||     9
         Condenser vane    |       |       |     1 |       ||     1
    Use: Scroll            |       |       |     7 |     4 ||    11
         Potion            |       |       |     3 |     1 ||     4
   Stab: Petrified         |       |       |       |    39 ||    39
         Petrifying        |       |       |       |     1 ||     1
 Armour: Robe              |    28 |    28 |   125 |       ||   181
         Ring mail         |       |       |     1 |   238 ||   239
  Dodge: Dodged            |    32 |    23 |   124 |   139 ||   318

Table legend: (Time is in decaauts)
 A = Elapsed time spent in this place.
 B = Non-inter-level travel time spent in this place.
 C = Inter-level travel time spent in this place.
 D = Time resting spent in this place.
 E = Time spent auto-exploring this place.
 F = Levels seen in this place.
 G = Mean time per level.
                   A        B        C        D        E       F      G
               +--------+--------+--------+--------+--------+-----+--------+
         Total |  12691 |  12441 |    250 |   2337 |   7758 |  13 |  976.2 |
       Dungeon |  12246 |  11996 |    250 |   2150 |   7758 |  12 | 1020.5 |
        Bailey |    445 |    445 |      0 |    187 |      0 |   1 |  445.0 |
               +--------+--------+--------+--------+--------+-----+--------+

Top non-repeatable levels by time:
    D:10: 1837 daAuts
     D:5: 1347 daAuts
     D:7: 1337 daAuts
     D:3: 1191 daAuts
     D:2: 1186 daAuts
     D:9: 1155 daAuts
     D:6: 1108 daAuts
     D:8: 1077 daAuts
     D:4: 1054 daAuts
     D:1: 847 daAuts
  Bailey: 445 daAuts
    D:13: 92 daAuts
    D:11: 10 daAuts
